 Dungeon Crawl Stone Soup version 0.31-a0-133-gaae73658be (webtiles) character file.

Game seed: 5201661676230476192

2837 Jackthecabe the Cleaver (level 9, -11/85 HPs)
             Began as a Hill Orc Reaver on June 2, 2023.
             Was a Follower of Beogh.
             Killed from afar by a steam dragon (19 damage)
             ... with a ball of steam
             ... on level 7 of the Dungeon.
             The game lasted 00:11:48 (6426 turns).

Jackthecabe the Cleaver (Hill Orc Reaver)           Turns: 6426, Time: 00:11:49

Health: -11/85     AC: 13    Str: 22    XL:     9   Next: 74%
Magic:  3/3        EV: 10    Int: 13    God:    Beogh [*.....]
Gold:   295        SH:  0    Dex: 11    Spells: 10/11 levels left

rFire   x . .        t - +7 hand axe of Cuywyepn {antimagic, rF- Str+3 Dex+2 Stlth+}
rCold   . . .        (no shield)
rNeg    . . .        d - +0 scale mail
rPois   .            q - +0 helmet
rElec   .            o - +0 cloak
rCorr   .            p - +0 pair of gloves
SInv    .            c - +0 pair of boots
Will    .....        g - amulet of faith {!P}
Stlth   +            L - ring of flight
HPRegen 0.34/turn    (no ring)
MPRegen 0.08/turn

%: faith
@: flying
A: no striking features
a: Renounce Religion


You were on level 7 of the Dungeon.
You worshipped Beogh.
Beogh was aware of your devotion.
You visited 1 branch of the dungeon, and saw 7 of its levels.
You also visited: Ossuary.

You collected 344 gold pieces.
You spent 49 gold pieces at shops.


   Skills:
 - Level 10.0 Fighting
 + Level 10.3 Axes
 - Level 8.0 Armour
 - Level 1.5 Dodging
 - Level 1.5 Spellcasting
 - Level 3.0 Conjurations


You had 10 spell levels left.
You knew the following spells:

 Your Spells              Type           Power      Damage    Failure   Level
X - Kiss of Death         Conj/Necr      16%        2d6       32%         1

Your spell library contained the following spells:

 Spells                   Type           Power      Damage    Failure   Level
 Momentum Strike          Conj/Tloc      8%         3d8       45%         2
 Sting                    Tmut/Pois      4%         1d3       52%         1
 Summon Small Mammal      Summ           4%         N/A       52%         1
 Poisonous Vapours        Pois/Air       2%         N/A       67%         2
 Hailstorm                Conj/Ice       4%         3d4       69%         3
 Call Canine Familiar     Summ           1%         N/A       88%         3
 Summon Guardian Golem    Hex/Summ       1%         N/A       88%         3
 Olgreb's Toxic Radiance  Pois           1%         N/A       99%         4

Inventory:

Hand Weapons
 a - a +0 hand axe
 t - the +7 hand axe of Cuywyepn (weapon) {antimagic, rF- Str+3 Dex+2 Stlth+}
   (You found it on level 3 of the Dungeon)

   Str:       It affects your strength (+3).
   Dex:       It affects your dexterity (+2).
   rF:        It makes you vulnerable to fire.
   Stlth:     It makes you more stealthy.
Missiles
 f - 8 poisoned darts
 K - 3 atropa-tipped darts
Armour
 b - a +0 leather armour
 c - a +0 pair of boots (worn)
 d - a +0 scale mail (worn)
 o - a +0 cloak (worn)
 p - a +0 pair of gloves (worn)
 q - a +0 helmet (worn)
 E - a +0 kite shield
Jewellery
 g - an amulet of faith (around neck) {!P}
 C - an amulet of the acrobat
 L - a ring of flight (left hand)
Wands
 l - a wand of iceblast (6)
 s - a wand of paralysis (9)
 F - a wand of mindburst (10)
 M - a wand of flame (17)
Scrolls
 e - a scroll of magic mapping {unknown}
 h - 3 scrolls of identify {@r1}
 i - 4 scrolls of poison
 j - 5 scrolls of teleportation {@r2}
 m - a scroll of silence {!r}
 n - 2 scrolls of enchant weapon {unknown}
 r - a scroll of amnesia {unknown}
 x - 2 scrolls of vulnerability {unknown}
 y - a scroll of summoning
 B - a scroll of noise
 D - a scroll of enchant armour
 H - 3 scrolls of acquirement {unknown}
 I - a scroll of fear {unknown}
Potions
 k - 3 potions of curing {@q1}
 u - a potion of magic {unknown}
 v - 2 potions of berserk rage {!q}
 w - 3 potions of mutation
 z - a potion of resistance {unknown}
 A - a potion of might {unknown}
 G - 2 potions of heal wounds {@q2}
 J - a potion of brilliance {unknown}

Dungeon Overview and Level Annotations

Branches:
Dungeon (7/15)             Temple (0/1) D:7         Ossuary (visited)

Altars:
Cheibriados
Gozag
Hepliaklqana
Okawaru
Ru
Trog
Uskayaw
Xom

Shops:
D:3 [

Annotations:
D:2 Sigmund
D:3 1 runed translucent door, greynaab's ghost, weakling MeFi

####.#..#
#........
........##
#........#
....... ....
▒D## ▒§§##
▒@.§# ▒..##
▒#.# ⌠.⌠ ▒.##
... ▒..#####
⌠.⌠.▒......##
....▒.......#
.>..▒......##
...(▒....###


You could see a steam dragon (catching breath).


Message History

The steam dragon is heavily wounded.
You are engulfed in a cloud of scalding steam.
The steam dragon bites you.
* * * LOW HITPOINT WARNING * * *
The steam dragon claws you but does no damage.
You closely miss the steam dragon.
The steam dragon is heavily wounded.
The steam dragon closely misses you. x2
You hit the steam dragon.
The steam dragon is heavily wounded.
The steam dragon bites you.
* * * LOW HITPOINT WARNING * * *
The steam dragon claws you but does no damage.
You completely miss the steam dragon.
The steam dragon is heavily wounded.
The steam dragon breathes steam at you. The ball of steam hits you!!
The steam scalds you terribly!
* * * LOW HITPOINT WARNING * * *
You slash the steam dragon!
The steam dragon is severely wounded.
You are engulfed in a cloud of scalding steam.
* * * LOW HITPOINT WARNING * * *
The steam dragon bites you!
* * * LOW HITPOINT WARNING * * *
The steam dragon claws you but does no damage.
The steam dragon attacks as you move away!
The steam dragon barely misses you. The steam dragon misses you.
The steam dragon breathes steam at you. The ball of steam hits you!!
The steam scalds you terribly!
You die...

Skill      XL: |  1  2  3  4  5  6  7  8  9 |
---------------+----------------------------+-----
Axes           | 5 6 7 8 10 | 10.3
Fighting       | 4 6 8 10 | 10.0
Armour         | 1 5 8 |  8.0
Dodging        | |  1.5
Spellcasting   | |  1.5
Conjurations   | |  3.0

Action                     |  1- 3 |  4- 6 |  7- 9 || total
---------------------------+-------+-------+-------++-------
  Melee: Hand axe          |   132 |   138 |   308 ||   578
         Punch             |     1 |     1 |     3 ||     5
  Throw: Dart              |       |       |     2 ||     2
   Cast: Kiss of Death     |       |     3 |       ||     3
 Invoke: Convert to Beogh  |       |       |     1 ||     1
  Evoke: Wand              |       |       |     1 ||     1
    Use: Scroll            |       |       |     9 ||     9
 Armour: Leather armour    |     8 |       |       ||     8
         Scale mail        |    64 |    64 |   141 ||   269
  Dodge: Dodged            |    76 |    64 |   154 ||   294

Levels and vault maps discovered:
D:1:      amcnicky_arrival_flooded_fountain, layout_basic
D:2:      layout_basic, ebering_ecumenical_altar_petrified, uniq_sigmund
D:3:      layout_rooms, ebering_ghost_sewer_d, serial_shops,
          nicolae_lakefront_shop, chequers_decorated_corner,
          minmay_divided_ellipse
D:4:      layout_cave_pools, enter_ossuary_4
D:5:      layout_basic, nicolae_overflow_hallway_of_the_gods,
          mainiacjoe_overflow_catwalk
D:6:      layout_cave_pods, general_overflow_altar, minmay_ruffians
D:7:      layout_cave_pools, minmay_temple_entry_from_below_b

Notes
Turn   | Place    | Note
-------+----------+-------------------------------------------
     0 | D:1      | Jackthecabe the Hill Orc Reaver began the quest for the
                  | Orb.
     0 | D:1      | Reached XP level 1. HP: 18/18 MP: 3/3
    75 | D:1      | Reached XP level 2. HP: 25/25 MP: 4/4
   183 | D:1      | Reached skill level 5 in Axes
   262 | D:1      | Reached XP level 3. HP: 30/30 MP: 5/5
   669 | D:2      | Reached skill level 6 in Axes
   683 | D:2      | Noticed Sigmund
   985 | D:2      | Reached XP level 4. HP: 37/37 MP: 6/6
  1088 | D:2      | Found a faded altar of an unknown god.
  1222 | D:3      | Found Celoih's Armour Shop.
  1231 | D:3      | Bought a +0 helmet for 49 gold pieces
  1375 | D:3      | Reached skill level 7 in Axes
  1382 | D:3      | Reached XP level 5. HP: 5/30 MP: 2/7
  1643 | D:3      | Identified the +7 hand axe of Cuywyepn {antimagic, rF-
                  | Str+3 Dex+2 Stlth+}
  1691 | D:3      | Found a runed translucent door.
  1724 | D:3      | Noticed greynaab's ghost (weakling MeFi)
  1797 | D:3      | Noticed a phantom
  1813 | D:3      | Reached skill level 8 in Axes
  1819 | D:3      | Killed a phantom
  1820 | D:3      | Reached skill level 4 in Fighting
  1820 | D:3      | Reached XP level 6. HP: 36/52 MP: 2/8
  2108 | D:4      | Noticed a steam dragon
  2125 | D:4      | Killed a steam dragon
  2126 | D:4      | Reached skill level 5 in Fighting
  2165 | D:4      | Found a sand-covered staircase.
  2176 | Ossuary  | Entered an ossuary
  2403 | Ossuary  | Reached skill level 6 in Fighting
  2417 | Ossuary  | Reached skill level 1 in Armour
  2417 | Ossuary  | Reached XP level 7. HP: 54/63 MP: 3/9
  2457 | Ossuary  | Reached skill level 2 in Armour
  2465 | Ossuary  | Reached skill level 3 in Armour
  2711 | D:4      | HP: 6/63 [poisoned by a scorpion]
  3008 | D:4      | Reached skill level 4 in Armour
  3210 | D:5      | Entered Level 5 of the Dungeon
  3211 | D:5      | Became a worshipper of Beogh the Brigand
  3337 | D:5      | Reached skill level 5 in Armour
  3471 | D:5      | Found an iron altar of Okawaru.
  3474 | D:5      | Found a hazy altar of Hepliaklqana.
  3481 | D:5      | Found a bloodstained altar of Trog.
  3484 | D:5      | Found a snail-covered altar of Cheibriados.
  3487 | D:5      | Found a sacrificial altar of Ru.
  3495 | D:5      | Reached XP level 8. HP: 57/70 MP: 3/10
  3540 | D:5      | Found a shimmering altar of Xom.
  3681 | D:5      | Reached skill level 6 in Armour
  3951 | D:5      | Found an opulent altar of Gozag.
  4113 | D:5      | Reached skill level 7 in Armour
  4893 | D:6      | Reached skill level 8 in Armour
  5003 | D:6      | Reached skill level 7 in Fighting
  5012 | D:6      | Reached * piety under Beogh
  5172 | D:6      | Reached skill level 8 in Fighting
  5172 | D:6      | Reached XP level 9. HP: 67/79 MP: 3/11
  5238 | D:6      | Reached skill level 9 in Fighting
  5567 | D:6      | Reached skill level 10 in Fighting
  5606 | D:6      | Found a hide-covered altar of Uskayaw.
  6016 | D:7      | Reached skill level 9 in Axes
  6201 | D:7      | Reached skill level 10 in Axes
  6350 | D:7      | Identified the +3 trident of the Hugging Coward {speed,
                  | *Rage +Blink rF+}
  6397 | D:7      | Found a staircase to the Ecumenical Temple.
  6425 | D:7      | HP: 8/85 [steam dragon (9)]
  6426 | D:7      | Killed from afar by a steam dragon

Vanquished Creatures
  4 humans (D:6)
  A steam dragon (D:4)
  A black bear (D:6)
  An ice beast (D:5)
  3 ogres
  4 centaurs
  2 phantoms
  An elf zombie (Ossuary)
  A bullfrog (D:7)
  2 scorpions
  5 wights (D:6)
  A howler monkey (D:3)
  2 hounds
  4 jellies
  8 iguanas
  2 human zombies (Ossuary)
  A sleepcap (D:6)
  2 mummies (Ossuary)
  3 gnolls (D:5)
  6 adders
  3 white imps
  5 adder zombies (Ossuary)
  5 dart slugs
  An orc (D:3)
  11 bats
  7 endoplasms
  5 giant cockroaches
  5 goblins
  7 hobgoblins
  6 jackals
  6 kobolds
  2 quokkas
  9 ball pythons
  4 frilled lizards
  2 goblin zombies (D:4)
  6 hobgoblin zombies (Ossuary)
  A jackal zombie (Ossuary)
  9 kobold zombies (Ossuary)
  9 orc zombies (Ossuary)
  6 rats
  4 rat zombies (Ossuary)
167 creatures vanquished.

Vanquished Creatures (others)
  A hound (D:5)
  2 orc wizards (D:5)
  An orc (D:5)
4 creatures vanquished.

Grand Total: 171 creatures vanquished

Table legend: (Time is in decaauts)
 A = Elapsed time spent in this place.
 B = Non-inter-level travel time spent in this place.
 C = Inter-level travel time spent in this place.
 D = Time resting spent in this place.
 E = Time spent auto-exploring this place.
 F = Levels seen in this place.
 G = Mean time per level.
                   A        B        C        D        E       F      G
               +--------+--------+--------+--------+--------+-----+--------+
         Total |   6383 |   6187 |    196 |    965 |   3722 |   8 |  797.9 |
       Dungeon |   5980 |   5784 |    196 |    855 |   3586 |   7 |  854.3 |
       Ossuary |    402 |    402 |      0 |    110 |    136 |   1 |  402.0 |
               +--------+--------+--------+--------+--------+-----+--------+

Top non-repeatable levels by time:
     D:5: 1505 daAuts
     D:6: 1346 daAuts
     D:3: 916 daAuts
     D:4: 761 daAuts
     D:1: 645 daAuts
     D:2: 469 daAuts
 Ossuary: 402 daAuts
     D:7: 335 daAuts

Table legend:
 A = Non-vault XP
 B = Vault XP
 C = Vault XP percentage of total XP
 D = Non-vault monster count
 E = Vault monster count
 F = Vault count percentage of total count
                 A         B        C        D         E       F
            +---------+---------+-------+---------+---------+-------
      Total |    2842 |    1211 |  29.9 |     109 |      58 |  34.7
            +---------+---------+-------+---------+---------+-------
        D:1 |      58 |       0 |   0.0 |      30 |       0 |   0.0
        D:2 |      39 |       0 |   0.0 |      14 |       0 |   0.0
        D:3 |      75 |     177 |  70.2 |      14 |      13 |  48.1
        D:4 |     386 |       2 |   0.5 |      14 |       2 |  12.5
        D:5 |     614 |       0 |   0.0 |      12 |       0 |   0.0
        D:6 |    1027 |     761 |  42.6 |      18 |       4 |  18.2
        D:7 |     643 |       0 |   0.0 |       7 |       0 |   0.0
    Ossuary |       0 |     271 | 100.0 |       0 |      39 | 100.0
            +---------+---------+-------+---------+---------+-------
